 Dungeon Crawl Stone Soup version 0.31-a0-234-gad7ace16ef (webtiles) character file.

Game seed: 3281779664411760971

97 qw the Shooter (level 4, -4/26 HPs)
             Began as a Gargoyle Hexslinger on July 9, 2023.
             Slain by a goblin
             ... wielding a +1 dagger of pain
             ... led by Robin
              (5 damage)
             ... on level 3 of the Dungeon.
             The game lasted 00:00:55 (2422 turns).

qw the Shooter (Gargoyle Hexslinger)                Turns: 2422, Time: 00:00:55

Health: -4/26      AC:  8    Str: 12    XL:     4   Next: 68%
Magic:  5/5        EV: 10    Int: 13    God:
Gold:   180        SH:  0    Dex: 14    Spells: 4/5 levels left

rFire   . . .        p - +1 sling (heavy)
rCold   . . .        (no shield)
rNeg    + . .        h - +0 ring mail
rPois   inf          (no helmet)
rElec   +            (no cloak)
rCorr   .            (no gloves)
SInv    .            (no boots)
Will    .....        (no amulet)
Stlth   +            (no ring)
HPRegen 0.24/turn    (no ring)
MPRegen 0.09/turn

%: no passive effects
@: no status effects
A: sickness immunity, AC +3, negative energy resistance 1, electricity
resistance, torment resistance 1, petrification resistance
a: no special abilities


You were on level 3 of the Dungeon.
You visited 1 branch of the dungeon, and saw 3 of its levels.

You collected 180 gold pieces.


Innate Abilities, Weirdness & Mutations

You are immune to sickness and miasma.
Your stone body is resilient. (AC +3)
You are immune to poison.
You resist negative energy. (rN+)
You are resistant to electric shocks. (rElec)
You are resistant to unholy torment.
You are immune to petrification.


   Skills:
 - Level 2.0 Fighting
 + Level 4.2 Ranged Weapons
 - Level 1.0 Armour
 - Level 1.5 Dodging
 - Level 1.0 Spellcasting
 - Level 2.6 Hexes


You had 4 spell levels left.
You knew the following spells:

 Your Spells              Type           Power      Damage    Failure   Level
a - Slow                  Hex            28%        N/A       22%         1

Your spell library contained the following spells:

 Spells                   Type           Power      Damage    Failure   Level
 Inner Flame              Hex/Fire       4%         N/A       73%         3
 Portal Projectile        Hex/Tloc       8%         N/A       73%         3
 Cause Fear               Hex            3%         N/A       91%         4

Inventory:

Hand Weapons
 p - a +1 heavy sling (weapon)
Armour
 h - a +0 ring mail (worn)
 l - a +1 helmet of intelligence
Jewellery
 d - a ring of willpower
 g - an amulet of guardian spirit
 o - a ring of fire
Scrolls
 a - 2 scrolls of revelation {unknown}
 j - a scroll of identify
Potions
 b - a potion of brilliance {unknown}
 c - a potion of enlightenment {unknown}
 e - a potion of mutation {unknown}
 f - a potion of invisibility {unknown}
 i - a potion of attraction {unknown}
 k - a potion of degeneration {unknown}
 m - 2 potions of curing {unknown}
 n - 2 potions of might {unknown}

Dungeon Overview and Level Annotations

Branches:
Dungeon (3/15)

Altars:

Shops:
D:2 =

Annotations:
D:3 Robin


Message History

You shoot a sling bullet.
The sling bullet closely misses the goblin.
The goblin closely misses you.
You shoot a sling bullet. The sling bullet hits the goblin!
You kill the goblin!
You see here a +0 dagger.
You see here a +0 dagger.
Robin and a goblin come into view.
Robin is wielding a +2 spear of venom.
Robin shouts!
The goblin shouts!
Robin roars a battlecry!
The goblin goes into a battle-frenzy!
Enter note:
Enter note:
Enter note:
Enter note:
Enter note:
Enter note:
Enter note:
Enter note:
Enter note: You shoot a sling bullet.
The sling bullet hits Robin but does no damage.
Robin flexes a bicep menacingly.
Robin hits you from afar with a +2 spear of venom.
Robin barely misses you.
You shoot a sling bullet.
The sling bullet hits Robin but does no damage.
Robin hits you but does no damage. Robin throws the goblin at you!
The goblin closely misses you.
You shoot a sling bullet. The sling bullet hits the goblin.
The goblin is moderately wounded.
Robin hits you from afar with a +2 spear of venom.
The goblin hits you but does no damage. The goblin hits you with a +0 club.
Robin hits you but does no damage. The goblin hits you but does no damage.
The goblin hits you with a +1 dagger of pain.
You shoot a sling bullet.
The sling bullet closely misses the goblin.
Robin hits you from afar with a +2 spear of venom.
The goblin hits you with a +1 dagger of pain.
You die...

)..#.....).....#
#.############.# #.# #)#
#.# #####)### #'##
#.......# ...##
#.###.#.# ....##
#.###.#.# .....##
#..##)#.#
......####.....#@###
......'.......gg.g......
......####....<..######.
.....## ##..##### ....##
##.# ...## #.### #'##
#...# #.# ###.#
#[######## #.#


You could see Robin and 2 goblins.

Vanquished Creatures
  2 adders (D:2)
  A worm (D:3)
  3 dart slugs
  An orc (D:3)
  2 ball pythons
  4 bats
  6 endoplasms
  3 giant cockroaches (D:1)
  13 goblins
  7 hobgoblins
  5 quokkas
  4 frilled lizards
  4 kobolds
  4 rats
59 creatures vanquished.

Notes
Turn   | Place    | Note
-------+----------+-------------------------------------------
     0 | D:1      | qw the Gargoyle Hexslinger began the quest for the Orb.
     0 | D:1      | Reached XP level 1. HP: 12/12 MP: 2/2
     0 | D:1      | 0 ||| qw: Version: 0.3-a-51-g015441d
     0 | D:1      | 0 ||| qw: Game counter: 4326
     0 | D:1      | 0 ||| qw: Melee chars always use a shield: true
     0 | D:1      | 0 ||| qw: God list: Okawaru
     0 | D:1      | 0 ||| qw: Allow faded altars: false
     0 | D:1      | 0 ||| qw: Do Orc after clearing Dungeon:15 true
     0 | D:1      | 0 ||| qw: Do second Lair branch before Depths: true
     0 | D:1      | 0 ||| qw: Lair rune preference: random
     0 | D:1      | 0 ||| qw: Goals: Normal
     0 | D:1      | 0 ||| PLANNING D:1-11
   179 | D:1      | Reached XP level 2. HP: 16/16 MP: 3/3
   262 | D:1      | Reached skill level 3 in Ranged Weapons
   592 | D:1      | Reached XP level 3. HP: 21/21 MP: 4/4
   757 | D:1      | 757 ||| UPGRADING to +0 ring mail.
   767 | D:1      | 767 ||| DROPPING +0 robe.
   768 | D:1      | 768 ||| READING scroll labelled IPPOIVV CEDDIK.
   769 | D:1      | 769 ||| READING scroll labelled EHOCOB VEGH.
   770 | D:1      | 770 ||| READING scroll labelled MUUZAO QEPHE.
   771 | D:1      | 771 ||| READING scroll labelled KEAMIO ALOSSETH.
   787 | D:1      | 787 ||| DROPPING scroll of poison.
   858 | D:2      | Found Toehy's Jewellery Shop.
   909 | D:2      | 909 ||| SHOPLISTING +4 ring of protection (396 gold, have
                  | 76).
   909 | D:2      | 909 ||| SHOPLISTING +6 ring of strength (396 gold, have
                  | 76).
   909 | D:2      | 909 ||| SHOPLISTING amulet of reflection (330 gold, have
                  | 76).
   909 | D:2      | 909 ||| SHOPLISTING ring of see invisible (165 gold, have
                  | 76).
  1154 | D:2      | Reached XP level 4. HP: 20/26 MP: 5/5
  1287 | D:2      | Reached skill level 4 in Ranged Weapons
  1512 | D:2      | 1512 ||| READING scroll labelled UMAISA WIUB.
  1513 | D:2      | 1513 ||| READING 3 scrolls labelled XEDIAM JODEF.
  1514 | D:2      | 1514 ||| READING 2 scrolls of enchant weapon.
  1514 | D:2      | 1514 ||| ENCHANTING +2 sling.
  1515 | D:2      | 1515 ||| READING scroll of enchant weapon.
  1515 | D:2      | 1515 ||| ENCHANTING +3 sling.
  1516 | D:2      | 1516 ||| READING scroll labelled JOPSOW SOVA.
  1520 | D:2      | 1520 ||| READING scroll labelled EMIBBUGITO.
  1621 | D:2      | 1621 ||| READING scroll labelled TELEURU AFEXEONI.
  1996 | D:3      | Reached skill level 1 in Armour
  2331 | D:3      | 2331 ||| FLEEEEING.
  2332 | D:3      | 2332 ||| FLEEEEING.
  2333 | D:3      | 2333 ||| FLEEEEING.
  2334 | D:3      | 2334 ||| FLEEEEING.
  2335 | D:3      | 2335 ||| FLEEEEING.
  2336 | D:3      | 2336 ||| FLEEEEING.
  2337 | D:3      | 2337 ||| FLEEEEING.
  2338 | D:3      | 2338 ||| FLEEEEING.
  2339 | D:3      | 2339 ||| FLEEEEING.
  2340 | D:3      | 2340 ||| FLEEEEING.
  2341 | D:3      | 2341 ||| FLEEEEING.
  2342 | D:3      | 2342 ||| FLEEEEING.
  2343 | D:3      | 2343 ||| FLEEEEING.
  2344 | D:3      | 2344 ||| FLEEEEING.
  2345 | D:3      | 2345 ||| FLEEEEING.
  2346 | D:3      | 2346 ||| FLEEEEING.
  2386 | D:3      | 2386 ||| SWAPPING to +1 heavy sling.
  2387 | D:3      | 2387 ||| DROPPING +4 sling.
  2406 | D:3      | Noticed Robin
  2421 | D:3      | HP: 4/26 [goblin/+1 dagger of pain[Robin] (5)]
  2422 | D:3      | HP: 1/26 [Robin/+2 spear of venom (3)]
  2422 | D:3      | Slain by a goblin

Levels and vault maps discovered:
D:1:      spicycebolla_green_bress_n_ham_2, layout_basic
D:2:      layout_loops_ring, serial_shops, shop
D:3:      layout_loops_corners, minmay_pentangle, uniq_robin

Skill      XL: |  1  2  3  4 |
---------------+-------------+-----
Ranged Weapons | 3 4 |  4.2
Fighting       | 2 |  2.0
Armour         | 1 |  1.0
Dodging        | |  1.5
Spellcasting   | |  1.0
Hexes          | |  2.6

Action                     |  1- 3 |  4- 6 || total
---------------------------+-------+-------++-------
   Fire: Sling             |   136 |    70 ||   206
    Use: Scroll            |     4 |     7 ||    11
 Armour: Robe              |    15 |       ||    15
         Ring mail         |    29 |    15 ||    44
  Dodge: Dodged            |    51 |    21 ||    72

Table legend:
 A = Non-vault XP
 B = Vault XP
 C = Vault XP percentage of total XP
 D = Non-vault monster count
 E = Vault monster count
 F = Vault count percentage of total count
                 A         B        C        D         E       F
            +---------+---------+-------+---------+---------+-------
      Total |     112 |      27 |  19.4 |      47 |      12 |  20.3
            +---------+---------+-------+---------+---------+-------
        D:1 |      39 |       0 |   0.0 |      21 |       0 |   0.0
        D:2 |      60 |       0 |   0.0 |      19 |       0 |   0.0
        D:3 |      13 |      27 |  67.5 |       7 |      12 |  63.2
            +---------+---------+-------+---------+---------+-------
